 Dungeon Crawl Stone Soup version 0.29-a0-330-g52719c12eb (webtiles) character file.

Game seed: 3484960967131565299

130 kae the Firebug (level 4, -7/33 HPs)
             Began as a Demigod Fire Elementalist on May 19, 2022.
             Killed by divine providence
             ... invoked by an orc priest
              (11 damage)
             ... on level 3 of the Dungeon.
             The game lasted 00:01:39 (2394 turns).

kae the Firebug (Demigod Fire Elementalist)         Turns: 2394, Time: 00:01:39

Health: -7/33      AC:  2    Str:  9    XL:     4   Next: 60%
Magic:  1/10       EV: 12    Int: 21    God:
Gold:   33         SH:  0    Dex: 14    Spells: 4/7 levels left

rFire   . . .      SeeInvis .   e - +0 whip
rCold   . . .      Faith    .   (no shield)
rNeg    . . .      Spirit   .   a - +0 robe
rPois   .          Reflect  .   (no helmet)
rElec   .          Harm     .   (no cloak)
rCorr   .          Rampage  .   (no gloves)
Will    .....                   (no boots)
Stlth   ++........              (no amulet)
HPRegen 0.11/turn               (no ring)
MPRegen 0.12/turn               (no ring)

@: no status effects
A: high MP 1, forlorn, divine attributes
a: no special abilities


You were on level 3 of the Dungeon.
You visited 1 branch of the dungeon, and saw 3 of its levels.

You collected 119 gold pieces.
You spent 86 gold pieces at shops.

Inventory:

Hand Weapons
 e - a +0 whip (weapon)
Armour
 a - a +0 robe (worn)
Scrolls
 c - 3 scrolls of blinking
 f - 5 scrolls of teleportation
 l - a scroll of amnesia
Potions
 b - 2 potions of magic
 g - 2 potions of attraction
 h - a potion of lignification
 i - 3 potions of curing
 k - a potion of heal wounds {unknown}
 m - 2 potions of degeneration {unknown}


   Skills:
 - Level 1.7 Dodging
 - Level 1.7 Stealth
 + Level 2.4 Spellcasting
 * Level 2.8 Conjurations
 * Level 3.8 Fire Magic


You had 4 spell levels left.
You knew the following spells:

 Your Spells              Type           Power      Damage    Failure   Level
a - Foxfire               Conj/Fire      64%        2x1d7     3%          1
b - Scorch                Fire           36%        2d6       4%          2

Your spell library contained the following spells:

 Spells                   Type           Power      Damage    Failure   Level
 Conjure Flame            Conj/Fire      16%        6-21      11%         3
 Inner Flame              Hex/Fire       10%        N/A       19%         3
 Ignite Poison            Fire/Tmut/Pois 7%         N/A       26%         3
 Flame Wave               Conj/Fire      16%        2d6       34%         4
 Sticky Flame             Conj/Fire      16%        2d4       34%         4


Dungeon Overview and Level Annotations

Branches:
Dungeon (3/15)

Shops:
D:1 (   D:3 *!


Innate Abilities, Weirdness & Mutations

You have an increased reservoir of magic. (+10% MP)
You shall have no god before yourself.
Your divine heritage dramatically boosts your attributes as you level up.


Message History

Confirm with . or Enter, or press ? or * to list all spells.
You conjure some foxfire!
The foxfire hits the orc.
You kill the orc!
Your foxfire dissipates!
Your foxfire dissipates!
An orc priest comes into view. It is wielding a +0 mace.
An orc priest is nearby!
Casting: Foxfire (safe; 3% risk of failure)
Confirm with . or Enter, or press ? or * to list all spells.
You conjure some foxfire!
The orc priest looks encouraged for a moment.
The foxfire hits the orc priest but does no damage.
The foxfire hits the orc priest.
The orc priest is lightly wounded.
An orc priest is nearby!
Casting: Foxfire (safe; 3% risk of failure)
Confirm with . or Enter, or press ? or * to list all spells.
You conjure some foxfire!
The orc priest hits you with a +0 mace.
The foxfire hits the orc priest but does no damage.
The orc priest is lightly wounded.
The foxfire hits the orc priest but does no damage.
The orc priest is lightly wounded.
The orc priest calls down the wrath of Beogh upon you.
Beogh smites you!
Casting: Foxfire (safe; 3% risk of failure)
Confirm with . or Enter, or press ? or * to list all spells.
You conjure some foxfire!
The orc priest hits you with a +0 mace.
* * * LOW HITPOINT WARNING * * *
The foxfire hits the orc priest but does no damage.
The orc priest is lightly wounded.
The foxfire hits the orc priest but does no damage.
The orc priest is lightly wounded.
The orc priest hits you with a +0 mace.
* * * LOW HITPOINT WARNING * * *
Casting: Foxfire (safe; 3% risk of failure)
Confirm with . or Enter, or press ? or * to list all spells.
You conjure some foxfire!
The orc priest calls down the wrath of Beogh upon you.
Beogh smites you!
You die...

... #.# #....>.. #.#
#.....#. ##.## #.......
#...# #.......
...####...# #.......
.....÷....# #.......
.#######ov.#######.......
....)..)@v...#...........
.###########.#.###.######
#.....#<#.#
#....#.###.#.#
#.####÷#.#.#.#
#....⌠.⌠.....######
#####.∩..#........#
#⌠.⌠.#.........
######.)#.##....#+#.


You could see an orc priest (ally target).

Vanquished Creatures
  2 orc wizards (D:3)
  3 adders (D:2)
  A worm (D:2)
  A dart slug (D:2)
  3 orcs (D:3)
  2 endoplasms (D:1)
  4 giant cockroaches
  5 goblins
  A hobgoblin (D:1)
  3 jackals (D:2)
  3 quokkas (D:1)
  6 ball pythons
  6 bats
  3 frilled lizards
  3 kobolds
  4 rats
50 creatures vanquished.

Vanquished Creatures (others)
  162 foxfires
162 creatures vanquished.

Grand Total: 212 creatures vanquished

Notes
Turn   | Place    | Note
-------+----------+-------------------------------------------
     0 | D:1      | kae the Demigod Fire Elementalist began the quest for the
                  | Orb.
     0 | D:1      | Reached XP level 1. HP: 14/14 MP: 5/5
    20 | D:1      | Reached skill level 1 in Conjurations
   460 | D:1      | Reached skill level 3 in Fire Magic
   460 | D:1      | Reached XP level 2. HP: 20/20 MP: 2/7
   683 | D:1      | Found Ympaiv's Antique Weapon Shop.
   702 | D:1      | Learned a level 2 spell: Scorch
  1215 | D:2      | Reached XP level 3. HP: 23/26 MP: 3/8
  1922 | D:3      | Found Luyn's General Store.
  1964 | D:3      | Bought a scroll of identify for 20 gold pieces
  1964 | D:3      | Bought a scroll of teleportation for 30 gold pieces
  1988 | D:3      | Found Copy's Distillery.
  1991 | D:3      | Bought a potion of curing for 36 gold pieces
  2025 | D:3      | Reached XP level 4. HP: 21/33 MP: 3/10
  2394 | D:3      | Killed from afar by an orc priest

Illustrated notes

Levels and vault maps discovered:
D:1:      dpeg_arrival_water_temple_mockup, layout_loops_ring, serial_shops,
          nicolae_shop_overgrown_old_shop
D:2:      layout_rooms, hellmonk_ecumenical_altar_crossroads,
          kennysheep_generic_room_15
D:3:      layout_basic, makhleb_altar_promises_db, serial_shops,
          nicolae_shop_behind_doors, shop, shop_fountains, nicolae_shop_crystal,
          moated_statue, st_stairs_4

Skill      XL: |  1  2 |
---------------+-------+-----
Conjurations   | 1 2 |  2.8
Fire Magic     | 3 |  3.8
Spellcasting   | 2 |  2.4
Dodging        | |  1.7
Stealth        | |  1.7

Action                   |  1- 3 |  4- 6 || total
-------------------------+-------+-------++-------
Melee: Whip              |     8 |       ||     8
 Cast: Foxfire           |    82 |    15 ||    97
       Scorch            |     6 |       ||     6
  Use: Scroll            |     6 |       ||     6
Armor: Robe              |     9 |       ||     9
Dodge: Dodged            |    31 |     1 ||    32

Table legend: (Time is in decaauts)
 A = Elapsed time spent in this place.
 B = Non-inter-level travel time spent in this place.
 C = Inter-level travel time spent in this place.
 D = Time resting spent in this place.
 E = Time spent auto-exploring this place.
 F = Levels seen in this place.
 G = Mean time per level.
                   A        B        C        D        E       F      G
               +--------+--------+--------+--------+--------+-----+--------+
         Total |   2395 |   2365 |     30 |    462 |   1530 |   3 |  798.3 |
       Dungeon |   2395 |   2365 |     30 |    462 |   1530 |   3 |  798.3 |
               +--------+--------+--------+--------+--------+-----+--------+

Top non-repeatable levels by time:
     D:1: 1137 daAuts
     D:2: 869 daAuts
     D:3: 389 daAuts
